 Dungeon Crawl Stone Soup version 0.30.0-15-g856e2d3f33 (webtiles) character file.

Game seed: 7808017358506207430

7 Daunt the Caller (level 2, 0/24 HPs)
             Began as a Meteoran Summoner on May 19, 2023.
             Slain by a kobold
             ... wielding a +1 dagger of electrocution
              (1 damage)
             ... on level 1 of the Dungeon.
             The game lasted 00:01:21 (74 turns).

Daunt the Caller (Meteoran Summoner)                  Turns: 74, Time: 00:01:22

Health: 0/24       AC:  2    Str:  9    XL:     2   Next: 23%
Magic:  5/6        EV: 12    Int: 16    God:
Gold:   0          SH:  0    Dex: 14    Spells: 5/6 levels left

rFire   . . .        (no weapon)
rCold   . . .        (no shield)
rNeg    . . .        a - +0 robe
rPois   .            (no helmet)
rElec   .            (no cloak)
rCorr   .            (no gloves)
SInv    .            (no boots)
Will    .....        (no amulet)
Stlth   +            (no ring)
HPRegen 0.24/turn    (no ring)
MPRegen 0.10/turn

%: no passive effects
@: glowing
A: sense surroundings 1, otherworldly, glowing, explore regen
a: no special abilities


You were on level 1 of the Dungeon.
You visited 1 branch of the dungeon, and saw 1 of its levels.

Inventory:

Armour
 a - a +0 robe (worn)
Scrolls
 c - a scroll of teleportation {unknown}
 d - a scroll of identify {unknown}
Potions
 b - a potion of magic


   Skills:
 + Level 1.8 Fighting
 - Level 2.4 Dodging
 - Level 1.4 Stealth
 - Level 2.6 Spellcasting
 - Level 4.8 Summonings


You had 5 spell levels left.
You knew the following spells:

 Your Spells              Type           Power      Damage    Failure   Level
a - Summon Small Mammal   Summ           68%        N/A       2%          1

Your spell library contained the following spells:

 Spells                   Type           Power      Damage    Failure   Level
 Call Imp                 Summ           34%        N/A       4%          2
 Call Canine Familiar     Summ           17%        N/A       8%          3
 Summon Guardian Golem    Hex/Summ       9%         N/A       22%         3
 Summon Lightning Spire   Summ/Air       9%         N/A       56%         4


Dungeon Overview and Level Annotations

Branches:
Dungeon (1/15) Zot: 526

Altars:


Innate Abilities, Weirdness & Mutations

You passively map a small area around you.
You are easily found by Zot.
You glow in the dark.
You regain HP and MP as you explore.


Message History

Unknown command.
A kobold comes into view. It is wielding a +0 dagger.
You see here a scroll labelled FIOJICA CULUARPH.
d - a scroll labelled FIOJICA CULUARPH Your quokka barely misses the kobold.
The kobold misses your quokka.
Your quokka barely misses the kobold.
The kobold barely misses your quokka.
The kobold hits your rat with a +1 dagger of electrocution.
Lightning courses through your rat!
Your rat dies!
Your rat's corpse disappears in a puff of smoke!
The kobold throws a stone.
The stone barely misses your quokka. The stone closely misses you.
Casting: Summon Small Mammal (safe; 2% risk of failure)
Confirm with . or Enter, or press ? or * to list all spells.
Your quokka closely misses the kobold.
The kobold throws a stone.
The stone hits your quokka.
Your quokka completely misses the kobold.
The kobold throws a stone.
The stone hits you but does no damage.
Unknown command.
Unknown command.
Your quokka bites the kobold.
The kobold closely misses your bat.
Your bat barely misses the kobold.
Your bat closely misses the kobold.
Your quokka bites the kobold but does no damage.
The kobold throws a stone.
The stone hits you.
Your bat hits the kobold but does no damage.
Your bat completely misses the kobold.
Your quokka completely misses the kobold.
The kobold closely misses your quokka. The kobold barely misses your bat.
Your quokka barely misses the kobold.
Your bat closely misses the kobold.
The kobold hits you with a +1 dagger of electrocution.
You are electrocuted!!
Ouch! That really hurt!
* * * LOW HITPOINT WARNING * * *
The kobold barely misses your quokka.
Unknown command.
Unknown command.
The kobold attacks as you move away!
The kobold hits you with a +1 dagger of electrocution.
You die...

, , ##......###......
....... #......#####'#..
*
,.......*#......##....#'#
....... #......##....'.#
....... #......#########
.......##....†.# , ,
.......+.......########.
.....KK#######..........
* #.br@....##..........
#........##..........
#........##..........
#........##..........
#......†........####.
*#...............#
.................#
.....#............# *
.....#............#


You could see 2 kobolds, a friendly quokka (summoned) and a friendly bat
(summoned).

Vanquished Creatures (collateral kills)
  3 bats (D:1)
  2 hobgoblins (D:1)
  A frilled lizard (D:1)
  A rat (D:1)
7 creatures vanquished.

Notes
Turn   | Place    | Note
-------+----------+-------------------------------------------
     0 | D:1      | Daunt the Meteoran Summoner began the quest for the Orb.
     0 | D:1      | Reached XP level 1. HP: 14/14 MP: 5/5
    49 | D:1      | Reached skill level 1 in Fighting
    49 | D:1      | Reached XP level 2. HP: 23/23 MP: 6/6
    73 | D:1      | HP: 1/24 [kobold/+1 dagger of electrocution (18)]
    74 | D:1      | Slain by a kobold

Illustrated notes

Levels and vault maps discovered:
D:1:      dpeg_arrival_short_road, layout_basic

Skill      XL: |  1 |
---------------+----+-----
Fighting       | 1 |  1.8
Dodging        | |  2.4
Stealth        | |  1.4
Spellcasting   | |  2.6
Summonings     | |  4.8

Action                     || total
---------------------------++-------
  Melee: Unarmed           ||     7
   Cast: Summon Small Mamm ||     4
 Armour: Robe              ||     5
  Dodge: Dodged            ||     9
